 Dungeon Crawl Stone Soup version 0.22-a0-197-g4ac3794 (webtiles) character file.

28 Amnesiac the Shooter (level 3, 0/28 HPs)
             Began as a Centaur Arcane Marksman on Feb 18, 2018.
             Slain by an adder (3 damage)
             ... on level 1 of the Dungeon.
             The game lasted 00:04:02 (1372 turns).

Amnesiac the Shooter (Centaur Arcane Marksman)      Turns: 1372, Time: 00:04:02

Health: 0/28       AC:  4    Str: 17 (18) XL:     3   Next: 0%
Magic:  3/4        EV:  9    Int: 10 (12) God:
Gold:   101        SH:  0    Dex:  6 (9)  Spells: 1/4 levels left

rFire    . . .     SeeInvis .   b - -3 dagger (curse)
rCold    . . .     Gourm    .   (no shield)
rNeg     . . .     Faith    .   e - +0 robe
rPois    .         Spirit   .   (no helmet)
rElec    .         Reflect  .   (no cloak)
rCorr    .         Harm     .   (no gloves)
MR       .....                  (no barding)
Stlth    ..........             (no amulet)
HPRegen  0.09/turn              (no ring)
MPRegen  0.09/turn              (no ring)

@: mighty, lethally poisoned (0 -> -2), very quick
A: large, hooves 3, deformed body, speed 2, tough skin 3
a: no special abilities


You were on level 1 of the Dungeon.
You were not hungry.

You visited 1 branch of the dungeon, and saw 4 of its levels.

You collected 101 gold pieces.

Inventory:

Hand Weapons
 a - a +0 shortbow
 b - a cursed -3 dagger (weapon)
 g - a +2 dagger of venom
Missiles
 d - 53 arrows
Armour
 e - a +0 robe (worn)
Potions
 i - a potion of heal wounds {!q, unknown}
 j - a potion of might {!q}
 l - a potion of agility {!q, unknown}
 m - a potion of flight {!q, unknown}
 n - a potion of curing {!q, unknown}
Books
 c - a book of Debilitation

   Spells                             Type                      Level
   a - Corona                         Hexes                        1
   b - Slow                           Hexes                        2
   c - Inner Flame                    Hexes/Fire                   3
   d - Portal Projectile              Hexes/Translocation          3
   e - Cause Fear                     Hexes                        4
   f - Leda's Liquefaction            Hexes/Earth                  4
Comestibles
 f - 2 rations


   Skills:
 + Level 1.5 Fighting
 - Level 4.4 Bows
 - Level 1.3 Dodging
 - Level 1.0 Spellcasting
 - Level 2.6 Hexes


You had one spell level left.
You knew the following spells:

 Your Spells              Type           Power        Failure   Level  Hunger
a - Corona                Hex            #......      12%         1    ##.....
e - Slow                  Hex            #.......     17%         2    ###....


Dungeon Overview and Level Annotations

Branches:
Dungeon (4/15)
 Temple: D:4-7

Altars:


Innate Abilities, Weirdness & Mutations

You have hooves in place of feet.
Armour fits poorly on your strangely shaped body.
You cover ground very quickly.
You have extremely tough skin. (AC +3)


Message History

The adder bites you. The adder bites you but does no damage.
You climb upwards.
There is a stone staircase leading down here.
You found a teleport trap!
The dart slug launches a dart at you. The slug dart misses you.
Really walk into that teleport trap?
You enter a teleport trap!
The teleport trap disappears.
Your surroundings seem slightly different.
Your magical contamination has completely faded away.
Casting: Slow (safe; 16% risk of failure)
Confirm with . or Enter, or press ? or * to list all spells.
Aiming: Slow (safe; 16% risk of failure)
Press: ? - help, Shift-Dir - straight line, f - adder
Aim: an adder (chance to defeat MR: 50%)
The adder seems to slow down.
The adder bites you.
You are poisoned.
The adder poisons you!
You hit the adder but do no damage.
You feel sick. The adder barely misses you.
You barely miss the adder.
You feel sick.
You closely miss the adder. The adder bites you.
You closely miss the adder. The adder completely misses you.
You barely miss the adder.
You feel sick. The adder closely misses you.
You closely miss the adder. You kick the adder!
The adder is severely wounded.
The adder barely misses you.
Unknown command.
You closely miss the adder. You kick the adder.
The adder is almost dead.
You feel sick. The adder barely misses you.
You hit the adder but do no damage.
The adder is almost dead.
The adder bites you.
* * * LOW HITPOINT WARNING * * *
You are more poisoned.
The adder poisons you!
Unknown command.
You miss the adder.
The adder is almost dead.
You feel sick.
The adder is no longer moving slowly.
The adder bites you.
* * * LOW HITPOINT WARNING * * *
Unknown command.
You feel sick.
You feel sick.
You feel sick.
You feel sick.
You feel sick.
Really quaff
j - 2 glowing coppery potions {!q}?
It was a potion of might {!q}.
You feel very mighty all of a sudden.
Really quaff
h - a blue potion {!q}?
It was a potion of degeneration {!q}.
There was something very wrong with that liquid.
You feel weakened.
You feel dopey.
You feel clumsy.
You feel sick.
You feel sick.
You closely miss the adder.
The adder is almost dead.
The adder barely misses you.
You miss the adder.
The adder is severely wounded.
The adder bites you.
You die...

####### ##@....##
##.S.....##
#.........#
#.........#
#.........##########
#............##....#
#............##.....
##...........##.....
#............##....#


You could see an adder.

Vanquished Creatures
  An adder skeleton (D:2)
  A worm (D:1)
  2 leopard geckos (D:1)
  A giant cockroach (D:1)
  2 goblins (D:1)
  A hobgoblin (D:1)
  5 kobolds
  A ball python zombie (D:2)
  3 bats
  A jackal zombie (D:2)
  3 rats
21 creatures vanquished.

Notes
Turn   | Place    | Note
-------+----------+-------------------------------------------
     0 | D:1      | Amnesiac the Centaur Arcane Marksman began the quest for the Orb.
     0 | D:1      | Reached XP level 1. HP: 16/16 MP: 2/2
    65 | D:1      | Reached skill level 3 in Bows
   470 | D:1      | Reached XP level 2. HP: 17/23 MP: 3/3
   784 | D:2      | Learned a level 2 spell: Slow
   804 | D:3      | Reached skill level 4 in Bows
   825 | D:4      | Noticed an ogre
  1270 | D:1      | Reached XP level 3. HP: 27/28 MP: 1/4
  1372 | D:1      | Slain by an adder

Vault maps used:
D:1:      lightli_arrival_maybe_door_vault, hangedman_feature_mirror
D:2:      serial_undead, serial_undead_b, serial_undead_b, serial_undead_f,
          serial_undead_b, serial_undead_f, serial_undead_b, minmay_vboxes
D:3:      gammafunk_steamed_eel, nicolae_tso_swordbearing_angel,
          evilmike_ruin_ashenzari
D:4:      lemuel_round_altar, minmay_temple_entry_statues_pillars,
          grunt_ministairs_4, uniq_sigmund, uniq_ijyb

Skill      XL: |  1  2 |
---------------+-------+-----
Bows           | 3 4 |  4.4
Fighting       | |  1.5
Dodging        | |  1.3
Spellcasting   | |  1.0
Hexes          | |  2.6

Action                   || total
-------------------------++-------
Melee: Dagger            ||   123
       Kick              ||    26
 Fire: Shortbow          ||     7
 Cast: Slow              ||     3
  Use: Scroll            ||     3
       Potion            ||     2
  Eat: Chunk             ||     1
Armor: Robe              ||    57
Dodge: Dodged            ||    65

Table legend:
 A = Spawn XP
 B = Non-spawn XP
 C = Spawn XP percentage of total XP
 D = Spawn monster count
 E = Non-spawn monster count
 F = Spawn count percentage of total count
 G = Total turns spent on level
                    A         B        C        D         E        F      G
               +---------+---------+-------+---------+---------+-------+---------
         Total |       0 |      41 |   0.0 |       0 |      21 |   0.0 |  1372
               +---------+---------+-------+---------+---------+-------+---------
           D:1 |       0 |      27 |   0.0 |       0 |      13 |   0.0 |   895
           D:2 |       0 |      12 |   0.0 |       0 |       7 |   0.0 |   434
           D:3 |       0 |       2 |   0.0 |       0 |       1 |   0.0 |    31
               +---------+---------+-------+---------+---------+-------+---------
